 Dungeon Crawl Stone Soup version 0.21.1-1-g345015f (webtiles) character file.

131 aMcNicky the Skirmisher (level 5, -1/57 HPs)
             Began as an Ogre Berserker on Mar 12, 2018.
             Was a Priest of Trog.
             Slain by an orc wizard
             ... wielding a +0 dagger
              (2 damage)
             ... on level 3 of the Dungeon.
             The game lasted 00:04:38 (1918 turns).

aMcNicky the Skirmisher (Ogre Berserker)            Turns: 1918, Time: 00:04:39

Health: -1/57      AC:  3    Str: 22    XL:     5   Next: 14%
Magic:  5/5        EV: 10    Int:  8    God:    Trog [***...]
Gold:   71         SH:  0    Dex:  8    Spells: 4/4 levels left

rFire    + . .     SeeInvis .   a - +0 mace
rCold    . . .     Gourm    .   (no shield)
rNeg     . . .     Faith    .   b - +0 animal skin
rPois    .         Spirit   .   (helmet restricted)
rElec    .         Reflect  .   (no cloak)
rCorr    .         Harm     .   (gloves unavailable)
MR       .....                  (boots unavailable)
Stlth    +.........             (no amulet)
HPRegen  0.19/turn              d - ring of protection from fire
MPRegen  0.09/turn              h - ring of flight

@: berserk cooldown, slowed, very slow
A: large, unfitting armour, tough skin 1
a: Berserk, Trog's Hand, Burn Spellbooks, Renounce Religion, Evoke Flight


You were on level 3 of the Dungeon.
You worshipped Trog.
Trog was most pleased with you.
You were near starving.

You visited 1 branch of the dungeon, and saw 3 of its levels.

You collected 71 gold pieces.

Inventory:

Hand Weapons
 a - a +0 mace (weapon)
Armour
 b - a +0 animal skin (worn)
Jewellery
 d - a ring of protection from fire (left hand)
 h - a ring of flight (right hand)
Scrolls
 g - a scroll of amnesia
 j - a scroll of remove curse {unknown}
 k - a scroll of identify {@r1}
 l - 2 scrolls of teleportation {unknown}
 q - 2 scrolls of fog {unknown}
Potions
 e - a potion of might {unknown}
 f - 2 potions of curing {unknown}
 i - a potion of resistance {unknown}
 m - a potion of brilliance {unknown}
 n - a potion of mutation {unknown}
 o - a potion of flight {unknown}
 r - a potion of magic {unknown}
 s - a potion of haste {unknown}
Comestibles
 c - 8 rations
 p - 2 chunks of flesh


   Skills:
 + Level 5.4 Fighting
 * Level 3.7 Maces & Flails
 - Level 3.6 Dodging


You had 4 spell levels left.
You didn't know any spells.

Dungeon Overview and Level Annotations

Branches:
Dungeon (3/15)

Altars:
Elyvilon


Innate Abilities, Weirdness & Mutations

You are too large for most types of armour.
You have tough skin. (AC +1)


Message History

You hear some strange, mumbled words.
A magic dart appears from out of thin air!
The magic dart hits you! The orc hits you with a trident.
* * * LOW HITPOINT WARNING * * *
Something hits you.
* * * LOW HITPOINT WARNING * * *
You closely miss the orc.
The orc is moderately wounded.
The orc hits you with a trident.
* * * LOW HITPOINT WARNING * * *
Something hits you.
* * * LOW HITPOINT WARNING * * *
The orc hits you with a trident!
* * * LOW HITPOINT WARNING * * *
You hit the orc.
The orc is moderately wounded.
You hear some strange, mumbled words.
A puff of flame appears from out of thin air!
The puff of flame misses you. The orc closely misses you. Something hits you.
You die...

#.........# #.#.#.####
#.........# #.#.#....+
#.........####.#....###
#................#..#
##...............#).#
......###........#..#
.#.### ...........#
[.....).(..#
..../.o@...#
###.#.#{#### # #.#w# #
#.# #.. ###


You could see a worm and an orc.

Vanquished Creatures
  Jessica (D:2)
  Robin (D:2)
  An ooze (D:3)
  7 dart slugs
  2 leopard geckos (D:1)
  3 orcs (D:3)
  3 ball pythons
  5 giant cockroaches
  16 goblins
  10 hobgoblins
  2 jackals (D:1)
  4 kobolds
  A quokka (D:2)
  2 bats
  2 frilled lizards (D:1)
  5 rats
65 creatures vanquished.

Notes
Turn   | Place    | Note
-------+----------+-------------------------------------------
     0 | D:1      | aMcNicky the Ogre Berserker began the quest for the Orb.
     0 | D:1      | Reached XP level 1. HP: 24/24 MP: 1/1
    70 | D:1      | Reached XP level 2. HP: 22/32 MP: 2/2
   288 | D:1      | Reached XP level 3. HP: 19/40 MP: 3/3
   564 | D:1      | Reached ** piety under Trog
  1085 | D:2      | Reached XP level 4. HP: 42/49 MP: 4/4
  1259 | D:2      | Noticed Robin
  1265 | D:2      | Reached skill level 5 in Fighting
  1271 | D:2      | Killed Robin
  1288 | D:2      | Reached *** piety under Trog
  1612 | D:2      | Found a white marble altar of Elyvilon.
  1672 | D:2      | Noticed Jessica
  1677 | D:2      | Killed Jessica
  1677 | D:2      | Reached XP level 5. HP: 57/57 MP: 5/5
  1917 | D:3      | HP: 1/57 [orc/trident (7)]
  1918 | D:3      | Slain by an orc wizard

Skill      XL: |  1  2  3  4 |
---------------+-------------+-----
Dodging        | 3 |  3.6
Maces & Flails | 3 |  3.7
Fighting       | 5 |  5.4

Action                   |  1- 3 |  4- 6 || total
-------------------------+-------+-------++-------
Melee: Mace              |   119 |    81 ||   200
Invok: Berserk           |     1 |     3 ||     4
  Use: Scroll            |     3 |       ||     3
  Eat: Chunk             |     1 |     5 ||     6
Armor: Animal skin       |    33 |    20 ||    53
Dodge: Dodged            |    58 |    58 ||   116
